 Dungeon Crawl Stone Soup version 0.29.1-1-gd02db69 (webtiles) character file.

Game seed: 14764796946519824129

44 Jonnyslop the Trooper (level 3, -2/24 HPs)
             Began as a Gargoyle Fighter on Nov 6, 2022.
             Killed by divine providence
             ... invoked by an orc priest
              (9 damage)
             ... on level 3 of the Dungeon.
             The game lasted 00:03:46 (1959 turns).

Jonnyslop the Trooper (Gargoyle Fighter)            Turns: 1959, Time: 00:03:47

Health: -2/24      AC: 12    Str: 21    XL:     3   Next: 62%
Magic:  3/3        EV:  9    Int:  8    God:
Gold:   81         SH:  4    Dex:  9    Spells: 2/2 levels left

rFire   . . .      SeeInvis .   a - +0 flail
rCold   . . .      Faith    .   c - +0 buckler
rNeg    + . .      Spirit   .   b - +0 scale mail
rPois   ∞          Reflect  .   k - +0 helmet
rElec   +          Harm     .   (no cloak)
rCorr   .          Rampage  .   g - +0 pair of gloves
Will    .....                   (no boots)
Stlth   ..........              (no amulet)
HPRegen 0.08/turn               (no ring)
MPRegen 0.08/turn               (no ring)

@: mighty
A: sickness immunity, AC +3, negative energy resistance 1, electricity
resistance, torment resistance 1, petrification resistance
a: no special abilities


You were on level 3 of the Dungeon.
You visited 1 branch of the dungeon, and saw 3 of its levels.

You collected 81 gold pieces.

Inventory:

Hand Weapons
 a - a +0 flail (weapon)
Armour
 b - a +0 scale mail (worn)
 c - a +0 buckler (worn)
 g - a +0 pair of gloves (worn)
 k - a +0 helmet (worn)
Jewellery
 h - a ring of wizardry
Scrolls
 j - a scroll of teleportation
Potions
 d - a potion of might
 e - a potion of degeneration
 f - a potion of brilliance {unknown}
 i - a potion of attraction {unknown}


   Skills:
 + Level 3.8 Fighting
 * Level 3.4 Maces & Flails
 - Level 3.2 Armour
 - Level 3.2 Shields


You had 2 spell levels left.
You didn't know any spells.
Your spell library contained the following spells:

 Spells                   Type           Power      Damage    Failure   Level
 Frozen Ramparts          Ice            0%         1d1       99%         3
 Ice Form                 Ice/Tmut       0%         N/A       100%        4
 Summon Ice Beast         Ice/Summ       0%         N/A       100%        4


Dungeon Overview and Level Annotations

Branches:
Dungeon (3/15)

Altars:


Innate Abilities, Weirdness & Mutations

You are immune to sickness and miasma.
Your stone body is resilient. (AC +3)
You are immune to poison.
You resist negative energy. (rN+)
You are resistant to electric shocks. (rElec)
You are resistant to unholy torment.
You are immune to petrification.


Message History

The orc wizard casts a spell at you. The puff of flame hits you.
Found a stone staircase leading down.
An orc comes into view. It is wielding a +0 dagger.
An orc priest comes into view. It is wielding a +0 club.
The orc wizard mumbles some strange words.
The orc wizard flickers and vanishes!
Deactivating autopickup; reactivate with Ctrl-A.
The orc priest shouts!
You hear a shout!
You block something's attack.
You hear a shout!
You see here 3 poisoned darts.
You barely miss the orc.
You hear some strange, mumbled words.
A magic dart appears from out of thin air!
The magic dart hits you but does no damage.
The orc closely misses you.
The orc priest invokes the aid of Beogh against you.
Beogh smites you!
Ouch! That really hurt!
* * * LOW HITPOINT WARNING * * *
You feel very mighty all of a sudden. The orc hits you but does no damage.
Something hits you but does no damage.
You sock something! Something hits you but does no damage.
The orc hits you but does no damage. Something hits you but does no damage.
The orc priest looks satisfied for a moment.
The orc misses you.
You barely miss something. You block something's attack.
You block the orc's attack.
You closely miss something.
You hear some strange, mumbled words.
Something tries to affect you, but you resist.
You closely miss something. Something hits you but does no damage.
The orc hits you but does no damage. The orc priest barely misses you.
The orc priest hits you but does no damage.
Something hits you but does no damage. You block the orc's attack.
You miss something. The orc barely misses you.
The orc priest calls down the wrath of Beogh upon you.
Beogh smites you!
You die...

##.# ...# .>..
#..## ....
#..#.# #{o#.#
# #@o#.# #.
#..#.#
#.##..#.# #
#.....#.#.# #
###...#.#.#
....#.......#
.........#.###
.....##..#.#
##### #.##.#


You could see an orc priest and an orc.

Vanquished Creatures
  An adder (D:2)
  2 dart slugs (D:1)
  5 ball pythons
  3 endoplasms
  3 giant cockroaches
  5 hobgoblins (D:1)
  2 bats (D:1)
  2 frilled lizards
  4 kobolds
  4 rats (D:1)
31 creatures vanquished.

Notes
Turn   | Place    | Note
-------+----------+-------------------------------------------
     0 | D:1      | Jonnyslop the Gargoyle Fighter began the quest for the Orb.
     0 | D:1      | Reached XP level 1. HP: 14/14 MP: 1/1
    78 | D:1      | Reached XP level 2. HP: 19/19 MP: 2/2
   578 | D:1      | You fall into a shaft and drop 1 floor!
   578 | D:2      | Found a faded altar of an unknown god.
   771 | D:1      | Reached XP level 3. HP: 24/24 MP: 3/3
  1959 | D:3      | Killed from afar by an orc priest

Illustrated notes

Levels and vault maps discovered:
D:1:      mrwooster_arrival_statue, layout_basic, grunt_decor_resistance
D:2:      layout_basic, basic_ecumenical_altar, hangedman_feature_mirror
D:3:      layout_basic, kennysheep_cluttered_room

Skill      XL: |  1  2 |
---------------+-------+-----
Maces & Flails | 3 |  3.4
Fighting       | |  3.8
Armour         | |  3.2
Shields        | |  3.2

Action                   || total
-------------------------++-------
Melee: Flail             ||    87
  Use: Scroll            ||     6
       Potion            ||     1
Armor: Scale mail        ||    59
Dodge: Dodged            ||    34
Block: Buckler           ||    18
